[Event "Titled Tuesday Blitz January 31 Early 2023"]
[White "Torres Dominguez, David"]
[Black "Mohammad Fahad, Rahman"]
[WhiteFideId "2220857"]
[BlackFideId "10207791"]
[WhiteElo "1994"]
[BlackElo "2396"]
[Result "0-1"]
[Round "02"]
[TimeControl "180+2"]
[Date "2023.01.31"]
[WhiteClock "0:00:15"]
[BlackClock "0:00:25"]

1. e4 c6 2. Nf3 d5 3. d3 dxe4 4. dxe4 Qxd1+ 5. Kxd1 Nf6 6. Nfd2 e5 7. f3 Bd6 8. Nb3 O-O 9. Be3 Rd8 10. N1d2 b6 11. c3 Ba6 12. Kc2 Bc7 13. Rd1 Nfd7 14. h3 Nf8 15. Bc4 Ne6 16. Bxe6 fxe6 17. Nb1 Nd7 18. Bg5 Nf6 19. Rxd8+ Rxd8 20. Nc1 Kf7 21. h4 Rd7 22. Rd1 Rxd1 23. Kxd1 Nh5 24. Ne2 h6 25. Be3 Bd8 26. g4 Bxe2+ 27. Kxe2 Ng3+ 28. Kd3 Bxh4 29. Bf2 Nf5 30. exf5 Bxf2 31. Ke4 Bg3 32. Nd2 Kf6 33. fxe6 Kxe6 34. Nc4 g6 35. a4 Bf4 36. b4 h5 37. gxh5 gxh5 38. Kd3 h4 39. Ke2 Kd5 40. Nb2 e4 41. fxe4+ Kxe4 42. a5 b5 43. c4 Be5 44. cxb5 Bxb2 45. b6 a6 46. Kf2 Be5 47. Kg2 Kd4 48. Kh3 Kc4 49. Kxh4 Kxb4 50. Kg4 Kxa5 51. Kf5 Bb8 0-1


[Site "https://www.chess.com"]

[Event "Titled Tuesday Blitz January 31 Early 2023"]
[White "Fernandez Guillen, Ernesto J."]
[Black "Lesbekova, Assel"]
[WhiteFideId "3512428"]
[BlackFideId "13713248"]
[WhiteElo "2477"]
[BlackElo "1772"]
[Result "1-0"]
[Round "02"]
[TimeControl "180+2"]
[Date "2023.01.31"]
[WhiteClock "0:00:51"]
[BlackClock "0:00:10"]

1. e4 c5 2. Nf3 Nc6 3. Nc3 e6 4. d4 cxd4 5. Nxd4 Bb4 6. Nb5 a6 7. Nd6+ Bxd6 8. Qxd6 Qe7 9. Bf4 e5 10. Qxe7+ Ngxe7 11. Be3 f5 12. f3 fxe4 13. fxe4 b5 14. O-O-O Bb7 15. a4 b4 16. Nd5 Nxd5 17. Rxd5 O-O-O 18. Be2 Rde8 19. Bg4 Re7 20. Rhd1 Nd4 21. Rc5+ Kb8 22. Bxd4 exd4 23. Rxd4 Rxe4 24. Rcc4 d5 25. Rxb4 a5 26. Rxe4 dxe4 27. Rb5 Rf8 28. Rf5 Rxf5 29. Bxf5 g6 30. Bg4 h5 31. Be2 Kc7 32. g3 Kd6 33. Kd2 Ke5 34. Ke3 Bc6 35. b3 Be8 36. c3 g5 37. Bd1 h4 38. Bc2 Bc6 39. b4 axb4 40. cxb4 hxg3 41. hxg3 g4 42. b5 Ba8 43. a5 1-0


[Site "https://www.chess.com"]

[Event "Titled Tuesday Blitz January 31 Early 2023"]
[White "Ivanova, Karina"]
[Black "Abdyzhapar, Asylbek"]
[WhiteFideId "24139750"]
[BlackFideId "13800337"]
[WhiteElo "2085"]
[BlackElo "2293"]
[Result "0-1"]
[Round "02"]
[TimeControl "180+2"]
[Date "2023.01.31"]
[WhiteClock "0:00:04"]
[BlackClock "0:01:24"]

1. d4 Nf6 2. Nf3 g6 3. g3 Bg7 4. Bg2 O-O 5. O-O d6 6. c4 Nc6 7. Nc3 a6 8. Qd3 Rb8 9. e4 Bg4 10. Be3 e5 11. d5 Ne7 12. Nd2 Qd7 13. f3 Bh3 14. b4 Bxg2 15. Kxg2 c6 16. dxc6 Nxc6 17. a3 Rbc8 18. Rfd1 Nd4 19. Ne2 Nxe2 20. Qxe2 b5 21. Rac1 h5 22. h4 Rc7 23. cxb5 Rxc1 24. Rxc1 axb5 25. Qd3 d5 26. Rc5 dxe4 27. Qxd7 exf3+ 28. Nxf3 Nxd7 29. Rxb5 Ra8 30. Bc1 e4 31. Nd2 Rc8 32. Rd5 Rxc1 33. Rxd7 e3 34. Nf3 Rc2+ 35. Kh3 e2 36. Re7 Bc3 37. Re8+ Kg7 38. b5 Rb2 39. a4 f6 40. b6 g5 41. hxg5 fxg5 42. g4 h4 43. b7 Rxb7 44. Rxe2 Bf6 45. Re3 Rb4 46. Ra3 Bb2 47. Ra2 Rb3 48. Kg2 h3+ 49. Kg3 Be5+ 50. Kxh3 Rxf3+ 51. Kg2 Rg3+ 52. Kf2 Rxg4 53. a5 Bd4+ 54. Kf3 Rf4+ 55. Kg3 Ba7 56. Rb2 Kg6 57. Rb7 Rf7 58. Rxf7 Kxf7 59. Kg4 Kg6 60. a6 Kf6 0-1


[Site "https://www.chess.com"]

[Event "Titled Tuesday Blitz January 31 Early 2023"]
[White "Winkels, Marcel"]
[Black "Begmuratov, Khumoyun"]
[WhiteFideId "1003887"]
[BlackFideId "14210207"]
[WhiteElo "1960"]
[BlackElo "2387"]
[Result "0-1"]
[Round "02"]
[TimeControl "180+2"]
[Date "2023.01.31"]
[WhiteClock "0:00:05"]
[BlackClock "0:00:13"]

1. e4 e6 2. d4 d5 3. Nc3 Nf6 4. Bg5 Be7 5. e5 Nfd7 6. h4 a6 7. Qg4 h5 8. Qg3 Bxg5 9. hxg5 g6 10. O-O-O c5 11. Nf3 Nc6 12. Kb1 b5 13. dxc5 Nxc5 14. Nd4 Nxd4 15. Rxd4 Qc7 16. f4 Bd7 17. f5 gxf5 18. g6 O-O-O 19. gxf7 Bc6 20. Rdh4 Qxf7 21. Be2 d4 22. Nd1 Ne4 23. Qa3 Kb7 24. Rxh5 Rxh5 25. Rxh5 Rg8 26. Rh2 Qg7 27. Bf3 Qxe5 28. Rh7+ Rg7 29. Rh8 Nd2+ 30. Kc1 Nxf3 31. gxf3 Qf4+ 32. Kb1 Qxf3 33. Kc1 Qxa3 34. bxa3 Rg1 35. Kd2 e5 36. Rh7+ Kb6 37. Nf2 e4 38. Nh3 e3+ 39. Ke2 Rg2+ 40. Kf1 Rxc2 41. Nf4 Bf3 42. Rh6+ Ka5 43. Rf6 Rc1# 0-1


[Site "https://www.chess.com"]

[Event "Titled Tuesday Blitz January 31 Early 2023"]
[White "Skliarov, Viktor"]
[Black "Delorme, Alban"]
[WhiteFideId "14106736"]
[BlackFideId "623636"]
[WhiteElo "2383"]
[BlackElo "2298"]
[Result "1-0"]
[Round "02"]
[TimeControl "180+2"]
[Date "2023.01.31"]
[WhiteClock "0:01:37"]
[BlackClock "0:00:01"]

1. e4 c5 2. Nf3 d6 3. d4 cxd4 4. Qxd4 a6 5. Be3 Nc6 6. Qd2 g6 7. Nc3 Bg7 8. O-O-O Nf6 9. e5 dxe5 10. Qxd8+ Nxd8 11. Nxe5 O-O 12. Na4 b5 13. Nb6 Rb8 14. Nbd7 Nxd7 15. Nxd7 Bxd7 16. Rxd7 Nc6 17. Be2 Rfd8 18. Rhd1 Rxd7 19. Rxd7 Bf6 20. Rc7 Nd4 21. Bd3 e6 22. Ra7 Be5 23. f4 Bf6 24. Rxa6 Rd8 25. Ra7 h5 26. Kd1 Nc6 27. Rb7 Bxb2 28. Rxb5 Bd4 29. Bd2 Ne7 30. a4 1-0


[Site "https://www.chess.com"]

[Event "Titled Tuesday Blitz January 31 Early 2023"]
[White "Milikow, Yoav"]
[Black "Aung Thant Zin"]
[WhiteFideId "2822237"]
[BlackFideId "13000063"]
[WhiteElo "2394"]
[BlackElo "2268"]
[Result "1-0"]
[Round "02"]
[TimeControl "180+2"]
[Date "2023.01.31"]
[WhiteClock "0:00:15"]
[BlackClock "0:00:01"]

1. c4 e5 2. Nc3 Nf6 3. Nf3 Nc6 4. e4 Bb4 5. d3 Bxc3+ 6. bxc3 h6 7. Be2 d6 8. O-O O-O 9. Ne1 Ne7 10. f4 exf4 11. Bxf4 Ng6 12. Be3 Be6 13. Nc2 c5 14. Qe1 Qd7 15. Rxf6 gxf6 16. Bxh6 Rfe8 17. Ne3 Kh7 18. Qd2 Rh8 19. Rf1 Kg8 20. Nf5 Bxf5 21. Rxf5 Qe7 22. g3 Rh7 23. Be3 Kh8 24. Qe1 Nf8 25. Qf2 Nd7 26. Rd5 Rg8 27. Bf4 Ne5 28. Kh1 b6 29. h4 Qe6 30. Kh2 Rg6 31. d4 Ng4+ 32. Bxg4 Qxg4 33. Rxd6 Kg7 34. e5 f5 35. d5 Qh5 36. e6 1-0


[Site "https://www.chess.com"]

[Event "Titled Tuesday Blitz January 31 Early 2023"]
[White "Osiecki, Stanislaw"]
[Black "Agasarov, Benik"]
[WhiteFideId "1102990"]
[BlackFideId "13314823"]
[WhiteElo "2055"]
[BlackElo "2235"]
[Result "0-1"]
[Round "02"]
[TimeControl "180+2"]
[Date "2023.01.31"]
[WhiteClock "0:01:26"]
[BlackClock "0:01:27"]

1. e4 c5 2. c3 Nf6 3. e5 Nd5 4. d4 cxd4 5. Nf3 Nc6 6. cxd4 d6 7. a3 Bg4 8. Be2 dxe5 9. dxe5 e6 10. O-O Be7 11. h3 Bxf3 12. Bxf3 Nxe5 13. Qa4+ Qd7 14. Qxd7+ Nxd7 15. Bxd5 exd5 16. Rd1 Nf6 17. Nc3 O-O-O 18. Be3 b6 19. Bd4 Kb7 20. Bxf6 Bxf6 21. Rxd5 Rxd5 22. Nxd5 Bxb2 23. Ra2 Bd4 24. Rd2 Bc5 25. a4 Rd8 26. Rd3 Rd6 27. Kh1 Ka6 28. f4 Ka5 29. g4 Kxa4 30. f5 Kb5 31. Kg2 Kc4 0-1


[Site "https://www.chess.com"]

[Event "Titled Tuesday Blitz January 31 Early 2023"]
[White "kiwibobo"]
[Black "Szpar, Milosz"]
[BlackFideId "1184989"]
[WhiteElo "2040"]
[BlackElo "2447"]
[Result "0-1"]
[Round "02"]
[TimeControl "180+2"]
[Date "2023.01.31"]
[WhiteClock "0:00:59"]
[BlackClock "0:01:41"]

1. e4 c5 2. Nf3 d6 3. d4 cxd4 4. Nxd4 Nf6 5. Nc3 Nc6 6. Be2 e5 7. Nf3 h6 8. O-O Be7 9. Re1 O-O 10. h3 a6 11. Bf1 Qc7 12. Nd5 Nxd5 13. exd5 Nb8 14. c4 Bf5 15. b3 Nd7 16. Bb2 Bh7 17. Rc1 a5 18. c5 Nxc5 19. Bb5 Qb6 20. a4 Rac8 21. Nd2 Nd3 22. Nc4 Qxf2+ 23. Kh1 Nxb2 24. Nxb2 Qxb2 0-1


[Site "https://www.chess.com"]

[Event "Titled Tuesday Blitz January 31 Early 2023"]
[White "Ezat, Mohamed"]
[Black "Terry, Renato"]
[WhiteFideId "10600906"]
[BlackFideId "3803457"]
[WhiteElo "2402"]
[BlackElo "2520"]
[Result "1/2-1/2"]
[Round "02"]
[TimeControl "180+2"]
[Date "2023.01.31"]
[WhiteClock "0:00:06"]
[BlackClock "0:00:14"]

1. d4 d5 2. c4 dxc4 3. e4 Nc6 4. d5 Ne5 5. Nc3 e6 6. Bxc4 Nxc4 7. Qa4+ Bd7 8. Qxc4 e5 9. Nf3 Bd6 10. Nb5 Nf6 11. Nxd6+ cxd6 12. O-O Rc8 13. Qd3 Qa5 14. Bd2 Qa4 15. Rfe1 O-O 16. b3 Qb5 17. Qxb5 Bxb5 18. Bb4 Rfd8 19. Nd2 Ne8 20. Rec1 Bd3 21. Ba3 b5 22. Bb4 f5 23. Ba5 Rxc1+ 24. Rxc1 Ra8 25. f3 fxe4 26. fxe4 Nf6 27. Bb4 Bxe4 28. Bxd6 Bxd5 29. Bxe5 Re8 30. Bxf6 gxf6 31. Kf2 a6 32. Rc7 Re6 33. Ra7 Rd6 34. Nf1 Be6 35. h3 Bd7 36. Ng3 Kf7 37. Ne4 Rd5 38. Nc5 Rxc5 39. Rxd7+ Kg6 40. Rd2 h5 41. Kf3 Kg5 42. Kf2 h4 43. Re2 f5 44. Rd2 Rc3 45. Re2 Kf4 46. Rd2 Ke4 47. Re2+ Kf4 48. Rd2 Kg5 49. Re2 b4 50. Rd2 a5 51. Re2 Kf4 52. Rd2 Ke4 53. Re2+ Kd4 54. Rd2+ Rd3 55. Rxd3+ Kxd3 56. Kf3 Kc3 57. g3 hxg3 58. h4 Kb2 59. h5 Kxa2 60. h6 a4 61. bxa4 b3 62. h7 b2 63. h8=Q b1=Q 64. Qg8+ Ka3 65. Qxg3 Kxa4 66. Qf4+ Ka3 67. Qd6+ Ka4 68. Qa6+ Kb3 69. Qb5+ Ka2 70. Qxb1+ Kxb1 71. Kf4 Kc2 72. Kxf5 1/2-1/2


[Site "https://www.chess.com"]

[Event "Titled Tuesday Blitz January 31 Early 2023"]
[White "Dardha, Daniel"]
[Black "Md, Imran"]
[WhiteFideId "240990"]
[BlackFideId "25748580"]
[WhiteElo "2631"]
[BlackElo "2284"]
[Result "0-1"]
[Round "02"]
[TimeControl "180+2"]
[Date "2023.01.31"]
[WhiteClock "0:00:01"]
[BlackClock "0:00:21"]

1. Nf3 Nf6 2. c4 e6 3. Nc3 d5 4. d4 c6 5. Qd3 Nbd7 6. e4 dxe4 7. Nxe4 Nxe4 8. Qxe4 Nf6 9. Qc2 Bb4+ 10. Bd2 Qa5 11. c5 O-O 12. a3 Bxd2+ 13. Qxd2 Qxd2+ 14. Kxd2 Rd8 15. Bd3 e5 16. dxe5 Bf5 17. exf6 Rxd3+ 18. Kc1 gxf6 19. Rd1 Rad8 20. Rxd3 Rxd3 21. b4 a5 22. bxa5 Rc3+ 23. Kd2 Rxc5 24. Re1 Rxa5 25. Re7 b6 26. Rb7 b5 27. Nd4 Be4 28. f3 Bd5 29. Rb8+ Kg7 30. h4 h5 31. Nf5+ Kh7 32. Ke3 Rxa3+ 33. Kf4 Ra4+ 34. Ke3 Be6 35. Nd4 Rc4 36. Rb7 Rc3+ 37. Kd2 Bc8 38. Rxf7+ Kg6 39. Rc7 Rc4 40. Ke3 c5 41. Nc6 Bf5 42. Ne7+ Kf7 43. Nxf5+ Ke6 44. Ng7+ Kd6 45. Rb7 Rc3+ 46. Kd2 b4 47. Nf5+ Ke5 48. g4 Rxf3 49. Re7+ Kf4 50. gxh5 Kxf5 51. h6 Rh3 52. h7 Rxh4 53. Rg7 Ke5 54. Ke3 c4 55. Kf3 Rh3+ 56. Kg2 Rh6 57. Kf3 c3 58. Re7+ Kf5 59. Rc7 Kg6 60. Rc4 Rxh7 61. Rxb4 Rc7 62. Rb1 c2 63. Rg1+ Kf7 64. Rc1 f5 65. Ke3 Kf6 66. Kd2 f4 67. Rf1 Kf5 68. Kc1 Rc3 69. Rg1 f3 70. Rg8 Ke4 71. Rc8 Rxc8 0-1


[Site "https://www.chess.com"]

[Event "Titled Tuesday Blitz January 31 Early 2023"]
[White "Vovk, Orest"]
[Black "Babazada, Khazar"]
[WhiteFideId "14113490"]
[BlackFideId "13413554"]
[WhiteElo "2315"]
[BlackElo "2474"]
[Result "0-1"]
[Round "02"]
[TimeControl "180+2"]
[Date "2023.01.31"]
[WhiteClock "0:00:03"]
[BlackClock "0:01:08"]

1. h4 e5 2. h5 d5 3. h6 Nxh6 4. d4 Nf5 5. dxe5 Nc6 6. Nf3 Be6 7. Nbd2 Bc5 8. e4 Bxf2+ 9. Kxf2 dxe4 10. Bb5 exf3 11. Nxf3 Qe7 12. Bxc6+ bxc6 13. Qd3 Qc5+ 14. Be3 Nxe3 15. Qxe3 Qxc2+ 16. Kg3 h5 17. Rac1 Qxb2 18. Rxc6 Rh6 19. Nh4 Rd8 20. Rxc7 Rd4 21. Rh3 Rg6+ 22. Kh2 Rxh4 23. Re7+ Kf8 24. Rxf7+ Bxf7 25. Qa3+ Qxa3 0-1


[Site "https://www.chess.com"]

[Event "Titled Tuesday Blitz January 31 Early 2023"]
[White "Alexakis, Dimitris"]
[Black "Astafurov, Arseniy"]
[WhiteFideId "4277023"]
[BlackFideId "24175218"]
[WhiteElo "2436"]
[BlackElo "2263"]
[Result "0-1"]
[Round "02"]
[TimeControl "180+2"]
[Date "2023.01.31"]
[WhiteClock "0:00:17"]
[BlackClock "0:00:35"]

1. g3 d5 2. Bg2 c6 3. Nf3 Bg4 4. O-O Nd7 5. d4 Ngf6 6. c4 e6 7. Nc3 Be7 8. h3 Bh5 9. Kh1 O-O 10. g4 Bg6 11. Ne5 Nxe5 12. dxe5 Nd7 13. f4 dxc4 14. e4 f6 15. exf6 Nxf6 16. f5 exf5 17. exf5 Bf7 18. Bf4 Nd5 19. Be5 Ne3 20. Qxd8 Raxd8 21. Rf2 Nxg2 22. Kxg2 b5 23. Kg3 Rd3+ 24. Rf3 Rfd8 25. Re1 Bh4+ 26. Kxh4 Rxf3 27. Ne4 Rdd3 28. Ng5 Rfe3 29. Rxe3 Rxe3 30. Bd4 Rd3 31. Bxa7 Bd5 32. a3 Rd2 33. Kg3 Rxb2 34. h4 Rb3+ 35. Kf4 Rxa3 36. Bc5 Ra2 37. Ne6 Bxe6 38. fxe6 Re2 0-1


[Site "https://www.chess.com"]

[Event "Titled Tuesday Blitz January 31 Early 2023"]
[White "Movahed, Sina"]
[Black "Pein, Jonathan"]
[WhiteFideId "42520835"]
[BlackFideId "417092"]
[WhiteElo "2340"]
[BlackElo "2265"]
[Result "0-1"]
[Round "02"]
[TimeControl "180+2"]
[Date "2023.01.31"]
[WhiteClock "0:00:09"]
[BlackClock "0:00:07"]

1. e4 e5 2. Nf3 d6 3. d4 exd4 4. Nxd4 Nf6 5. Nc3 g6 6. Bc4 Bg7 7. O-O O-O 8. Re1 Re8 9. Bb3 Nbd7 10. Bg5 h6 11. Bh4 Nc5 12. f3 Nxb3 13. axb3 g5 14. Bf2 Nh5 15. Qd2 Nf4 16. Rad1 Bd7 17. Nce2 Be5 18. Ng3 Qf6 19. Ndf5 h5 20. Bd4 h4 21. Bxe5 Rxe5 22. Ne2 Nxe2+ 23. Rxe2 Bxf5 24. exf5 Rae8 25. Rxe5 Rxe5 26. f4 Rxf5 27. fxg5 Qxg5 28. Qd3 Qf4 29. Qd4 a6 30. h3 Kh7 31. Qa7 Rg5 32. Qxb7 d5 33. Rf1 Qe3+ 34. Kh1 Rxg2 35. Rxf7+ Kg8 36. Kxg2 Qg3+ 37. Kf1 Kxf7 38. Qxd5+ Ke7 39. Qg2 Qf4+ 40. Qf2 Qg5 41. Qe1+ Kd7 42. Qf2 Qc1+ 43. Kg2 Qxb2 44. Qf5+ Kd8 45. Kf3 Qd4 46. Qe4 Qc3+ 47. Kg4 Qg7+ 48. Kxh4 Qh6+ 49. Kg3 Qg7+ 50. Qg4 Qc3+ 51. Kh4 Qxc2 52. b4 Qh7+ 53. Kg5 Qg7+ 54. Kh4 Qe7+ 55. Qg5 c5 56. bxc5 a5 57. c6 Qxg5+ 58. Kxg5 a4 59. h4 a3 0-1


[Site "https://www.chess.com"]

[Event "Titled Tuesday Blitz January 31 Early 2023"]
[White "Pulpan, Jakub"]
[Black "Bilan, Danila"]
[WhiteFideId "302759"]
[BlackFideId "24161918"]
[WhiteElo "2427"]
[BlackElo "2303"]
[Result "1-0"]
[Round "02"]
[TimeControl "180+2"]
[Date "2023.01.31"]
[WhiteClock "0:00:44"]
[BlackClock "0:00:04"]

1. d4 d5 2. Nc3 Nf6 3. Bg5 c6 4. f3 e6 5. e4 Be7 6. Be3 b6 7. Qd2 Ba6 8. Bxa6 Nxa6 9. Nge2 Qd7 10. O-O c5 11. exd5 Nxd5 12. Nxd5 Qxd5 13. Nc3 Qd7 14. Qe2 cxd4 15. Rad1 Qb7 16. Bxd4 Bc5 17. Kh1 Bxd4 18. Rxd4 O-O 19. Rfd1 Rac8 20. Rd7 Rc7 21. Rxc7 Nxc7 22. Rd7 Qc6 23. Qd3 g6 24. Ne4 Nd5 25. Rxa7 Rc8 26. c3 Ra8 27. Rxa8+ Qxa8 28. a3 Qa4 29. h3 Qb3 30. Qd2 Qc4 31. Qd4 Qf1+ 32. Kh2 h5 33. c4 f5 34. cxd5 fxe4 35. Qxe4 exd5 36. Qxg6+ Kf8 37. Qf5+ Ke7 38. Qe5+ 1-0


[Site "https://www.chess.com"]

[Event "Titled Tuesday Blitz January 31 Early 2023"]
[White "Arjun, Kalyan"]
[Black "Mekhane, Adam"]
[WhiteFideId "35018701"]
[BlackFideId "36050601"]
[WhiteElo "2516"]
[BlackElo "2280"]
[Result "1/2-1/2"]
[Round "02"]
[TimeControl "180+2"]
[Date "2023.01.31"]
[WhiteClock "0:00:41"]
[BlackClock "0:00:12"]

1. Nf3 Nf6 2. g3 g6 3. Bg2 Bg7 4. O-O O-O 5. c4 d6 6. d3 e5 7. Nc3 c6 8. Qc2 Bg4 9. b3 Nbd7 10. Bb2 d5 11. h3 Bxf3 12. Bxf3 Re8 13. cxd5 cxd5 14. Nxd5 Nxd5 15. Bxd5 Rc8 16. Qd2 Nc5 17. Bg2 Qd7 18. Rac1 Ne6 19. Rxc8 Rxc8 20. Rc1 Nd4 21. e3 Rxc1+ 22. Bxc1 Ne6 23. Ba3 b6 24. Qc2 h5 25. Qc4 b5 26. Qd5 Qxd5 27. Bxd5 Nc7 28. Bc6 Bf8 29. Bb2 Bd6 30. d4 exd4 31. Bxd4 a6 32. Bb7 Kf8 33. e4 Ke7 34. Bb6 g5 35. Kg2 Ke6 36. h4 f6 37. hxg5 fxg5 38. Be3 g4 39. Bb6 b4 40. Bxc7 Bxc7 41. Bxa6 Ke5 42. Bb7 Bb6 43. Bd5 Bd4 44. Bf7 Kxe4 45. Bxh5 Kf5 46. Be8 Kg5 47. Bd7 Bc5 48. f3 gxf3+ 49. Kxf3 Bd4 50. g4 Bb2 51. Ke4 Bc3 52. Kd5 Bf6 53. Bf5 Be7 54. Ke6 Bf8 55. Kd7 Bc5 56. Kc6 Bf8 57. Kb5 Be7 58. Bc8 Bf8 59. Kc6 Be7 60. Kd7 Bf8 61. Ke6 Bc5 62. Bd7 Bf8 63. Kd5 Be7 64. Kc6 Bf8 65. Kb5 Be7 66. Be6 Bf8 67. Kc4 Be7 68. Kd3 Bf8 69. Kc2 Be7 70. Bf5 Bf8 71. Be6 Be7 72. Kd3 Bf8 73. Kd4 Be7 74. Kc4 Bf8 75. Kb5 Kf6 76. Bf5 Be7 77. Ka4 Bf8 78. Bc8 Be7 79. Kb5 Bf8 80. Kc6 Kg5 81. Kb6 Be7 82. Kb5 Bf8 83. Be6 Kf6 84. Bf5 Be7 85. Bd3 Kg5 86. Be2 Bf8 87. Bd1 Be7 88. Kc6 Bf8 89. Kd7 Bc5 90. Ke6 Bf8 91. Kd5 Be7 92. Kc4 Bf8 93. Kd3 Be7 94. Ke3 Bf8 95. Kf3 Be7 96. Be2 Bf8 97. Bd3 Be7 98. Bc4 Bf8 99. Be6 Be7 100. Ke4 1/2-1/2


[Site "https://www.chess.com"]

[Event "Titled Tuesday Blitz January 31 Early 2023"]
[White "Tymrakiewicz, Rafal"]
[Black "Avila Pavas, Santiago"]
[WhiteFideId "1108832"]
[BlackFideId "4437128"]
[WhiteElo "2144"]
[BlackElo "2522"]
[Result "0-1"]
[Round "02"]
[TimeControl "180+2"]
[Date "2023.01.31"]
[WhiteClock "0:00:16"]
[BlackClock "0:00:36"]

1. d4 Nf6 2. Bg5 e6 3. Nd2 d5 4. e3 Bd6 5. Bd3 Nbd7 6. f4 h6 7. Bh4 g5 8. fxg5 hxg5 9. Bxg5 Bxh2 10. Ngf3 Bg3+ 11. Ke2 Rg8 12. Rh3 Bd6 13. Qh1 e5 14. dxe5 Nxe5 15. Rh8 Rf8 16. Rf1 Bg4 17. Qh6 Ned7 18. Ke1 Qe7 19. Rxf8+ Qxf8 20. Qh4 Qg7 21. Nd4 Bg3+ 22. Qxg3 Qxg5 23. Rf5 Qh6 24. Qxc7 Qxe3+ 25. Ne2 Bxf5 26. Bxf5 Rd8 27. Nf3 Qb6 28. Qh2 Qxb2 29. Ned4 Qc1+ 30. Ke2 Ke7 31. Bd3 Re8 32. Nf5+ Kd8+ 33. Kf2 Ng4+ 34. Kg3 Nxh2 35. Kxh2 Qf4+ 36. Kg1 Ne5 37. Nxe5 Rxe5 0-1


[Site "https://www.chess.com"]

[Event "Titled Tuesday Blitz January 31 Early 2023"]
[White "Trigo Urquijo, Sergio"]
[Black "De Silva, L M S T"]
[WhiteFideId "2262436"]
[BlackFideId "9953698"]
[WhiteElo "2408"]
[BlackElo "2452"]
[Result "0-1"]
[Round "02"]
[TimeControl "180+2"]
[Date "2023.01.31"]
[WhiteClock "0:00:34"]
[BlackClock "0:00:34"]

1. Nf3 Nf6 2. g3 b5 3. Bg2 Bb7 4. O-O e6 5. b3 d5 6. Bb2 Be7 7. d3 c5 8. Nbd2 O-O 9. Ne5 Nbd7 10. e4 d4 11. Nxd7 Nxd7 12. a4 a6 13. Qe2 Qc7 14. f4 e5 15. f5 Bg5 16. Kh1 Bxd2 17. Qxd2 c4 18. Bc1 f6 19. g4 Rfc8 20. g5 cxd3 21. cxd3 Nc5 22. Qd1 bxa4 23. bxa4 Bc6 24. Rg1 Bxa4 25. Rxa4 Nxa4 26. Qxa4 Qxc1 27. gxf6 Qc2 28. Qd7 Qc7 29. Qd5+ Qf7 30. Qxe5 Qxf6 31. Qd5+ Kh8 32. Bh3 a5 33. e5 Qc6 34. Qxc6 Rxc6 35. Bg2 Rca6 36. Bxa8 Rxa8 37. Kg2 Re8 38. Re1 a4 39. Kf3 a3 40. Ke4 Ra8 41. Ra1 Ra4 42. Ra2 Kg8 43. Kd5 Kf7 44. Kd6 g6 45. fxg6+ hxg6 46. Rf2+ Ke8 47. Ra2 g5 48. h3 Ra5 49. e6 Kd8 50. e7+ Ke8 51. Ke6 Ra6+ 52. Kf5 Kxe7 53. Kxg5 Kd6 54. h4 Kc5 55. h5 Kb4 56. h6 Kb3 57. Ra1 a2 58. h7 Ra8 59. Kg6 Kb2 60. Rf1 a1=Q 0-1


[Site "https://www.chess.com"]

[Event "Titled Tuesday Blitz January 31 Early 2023"]
[White "Ajay, Karthikeyan"]
[Black "Gressmann, Moritz"]
[WhiteFideId "35011685"]
[BlackFideId "24695084"]
[WhiteElo "2454"]
[BlackElo "2129"]
[Result "0-1"]
[Round "02"]
[TimeControl "180+2"]
[Date "2023.01.31"]
[WhiteClock "0:00:02"]
[BlackClock "0:00:17"]

1. e4 e5 2. Nf3 Nf6 3. d4 Nxe4 4. Bd3 d5 5. Nxe5 Be7 6. O-O O-O 7. c4 Nf6 8. Nc3 dxc4 9. Bxc4 Nbd7 10. Qb3 Nxe5 11. dxe5 Ng4 12. Bf4 Qd4 13. Ne2 Qb6 14. h3 Qxb3 15. Bxb3 g5 16. Bg3 Nh6 17. f4 Nf5 18. Bf2 gxf4 19. Nxf4 Bg5 20. Nd5 Bd8 21. g4 c6 22. gxf5 cxd5 23. Bd4 Bb6 24. Bxb6 axb6 25. Bxd5 Re8 26. Rae1 Ra5 27. Rd1 Rxe5 28. Bb3 Bxf5 29. Rd8+ Kg7 30. Kf2 Bg6 31. Rc1 Rf5+ 32. Kg3 Rg5+ 33. Kh2 Raf5 34. Rd2 Rf3 35. Rc3 Rxc3 36. bxc3 Rc5 37. c4 Bf5 38. Rd6 Rc6 39. Rd5 Be6 40. Rb5 Bxc4 41. Bxc4 Rxc4 42. Rxb6 Rc2+ 43. Kg3 Rxa2 44. Rxb7 Ra4 45. Rb6 f6 46. Rb7+ Kg6 47. Rc7 h5 48. Rb7 h4+ 49. Kf3 Ra3+ 50. Kg4 Ra4+ 51. Kf3 Kg5 52. Rb5+ f5 53. Rb8 Ra3+ 54. Kg2 Ra4 55. Kf3 Ra3+ 56. Kg2 Re3 57. Rb4 Re4 58. Rb8 Kf4 59. Rh8 Kg5 60. Rg8+ Kf4 61. Rh8 Ke3 62. Rf8 f4 63. Rf5 Re8 64. Rf7 Rg8+ 65. Kf1 Rg3 66. Re7+ Kf3 67. Rh7 Rxh3 68. Kg1 Rg3+ 69. Kh2 Rg2+ 70. Kh3 Rg1 71. Rf7 Rh1# 0-1


[Site "https://www.chess.com"]

[Event "Titled Tuesday Blitz January 31 Early 2023"]
[White "Devaev, Alexander"]
[Black "Mindlin, Alon"]
[WhiteFideId "4169395"]
[BlackFideId "2800071"]
[WhiteElo "2325"]
[BlackElo "2435"]
[Result "0-1"]
[Round "02"]
[TimeControl "180+2"]
[Date "2023.01.31"]
[WhiteClock "0:00:49"]
[BlackClock "0:01:05"]

1. d4 Nf6 2. c4 g6 3. Nc3 Bg7 4. e4 O-O 5. Nf3 d6 6. h3 e5 7. d5 a5 8. Bg5 h6 9. Be3 Na6 10. g4 Nc5 11. Nd2 Ne8 12. Rg1 Kh7 13. Be2 c6 14. Qc2 Nc7 15. O-O-O N7a6 16. Ndb1 Nb4 17. Qd2 Nxa2+ 18. Nxa2 Nb3+ 19. Kc2 Nxd2 20. Rxd2 cxd5 21. cxd5 Bd7 22. Nbc3 Bf6 23. Kb1 Bg5 24. Bb5 Bxe3 25. fxe3 Bxb5 26. Nxb5 Qb6 27. Nac3 Rac8 28. Rd3 Rc5 29. Na3 Qb3 30. Nc2 Rfc8 31. Na1 Qc4 32. Rgd1 Qa6 33. Nb3 R5c7 34. Na2 a4 35. Nbc1 Qc4 36. Nc3 b5 37. N1a2 b4 38. Nxa4 Qc2+ 39. Ka1 b3 40. N2c3 Rxc3 41. Nxc3 Ra8+ 0-1


[Site "https://www.chess.com"]

[Event "Titled Tuesday Blitz January 31 Early 2023"]
[White "Sipila, Vilka"]
[Black "Lauridsen, Jesper Morch"]
[WhiteFideId "505455"]
[BlackFideId "1401890"]
[WhiteElo "2427"]
[BlackElo "2309"]
[Result "1-0"]
[Round "02"]
[TimeControl "180+2"]
[Date "2023.01.31"]
[WhiteClock "0:01:35"]
[BlackClock "0:00:10"]

1. b3 a5 2. Bb2 a4 3. b4 e5 4. a3 f6 5. e3 d5 6. c4 Be6 7. c5 d4 8. Nf3 Nc6 9. Bb5 Bb3 10. Qe2 dxe3 11. fxe3 Nh6 12. d4 Qe7 13. dxe5 O-O-O 14. Bxc6 bxc6 15. Qa6+ Kb8 16. Nbd2 Ng4 17. Nxb3 axb3 18. Qxc6 Qd7 19. Qxd7 Rxd7 20. Ke2 fxe5 21. Nxe5 Nxe5 22. Bxe5 Be7 23. Rhd1 Rhd8 24. Rxd7 Rxd7 25. Rb1 Bg5 26. Rxb3 Re7 27. Bd4 Kb7 28. b5 h5 29. c6+ Kb8 30. Bc5 Rf7 31. Rb4 h4 32. Re4 Rf8 33. Bxf8 1-0


[Site "https://www.chess.com"]

[Event "Titled Tuesday Blitz January 31 Early 2023"]
[White "Mrudul Dehankar"]
[Black "Skvortsov, Andrei"]
[WhiteFideId "25096990"]
[BlackFideId "24108600"]
[WhiteElo "2030"]
[BlackElo "2313"]
[Result "1-0"]
[Round "02"]
[TimeControl "180+2"]
[Date "2023.01.31"]
[WhiteClock "0:00:11"]
[BlackClock "0:01:07"]

1. e4 c5 2. Nf3 d6 3. d4 Nf6 4. Nc3 cxd4 5. Nxd4 g6 6. Be3 Bg7 7. f3 O-O 8. Bc4 Nc6 9. Qd2 Bd7 10. h4 h5 11. O-O-O Rb8 12. Kb1 Na5 13. Bb3 b5 14. Bh6 Nxb3 15. cxb3 Bxh6 16. Qxh6 e5 17. Nf5 gxf5 18. Rxd6 Rb6 19. Rhd1 Qe7 20. Qg5+ Kh8 21. Rxd7 Qxd7 22. Rxd7 Nxd7 23. Nd5 Rg6 24. Qxh5+ Kg7 25. Qxf5 Nb6 26. h5 Rxg2 27. Qxe5+ Kh7 28. Nf6+ Kh6 29. Ng4+ Rxg4 30. fxg4 Rg8 31. Qf6+ Kh7 32. g5 Nd7 33. Qxf7+ Rg7 34. Qf5+ Kg8 35. h6 Re7 36. g6 Nf8 37. Qf6 Rd7 38. h7+ Nxh7 39. Qe6+ 1-0


[Site "https://www.chess.com"]